 Dungeon Crawl Stone Soup version bcrawl-1.40.3b (webtiles) character file.

Game seed: 17200649901190365150

150170 Amelense the Sneak (level 3, 0/39 HPs)
             Began as an Ent Sloth Apostle on Feb 6, 2024.
             Was an Initiate of Cheibriados.
             Slain by a jackal (2 damage)
             ... on level 2 of the Dungeon.
             The game lasted 00:06:54 (672 turns).

Amelense the Sneak (Ent Sloth Apostle)               Turns: 672, Time: 00:06:55

Health: 0/39       AC: 10    Str: 21    XL:     3   Next: 26%
Magic:  4/4        EV:  6    Int: 13    God:    Cheibriados [......]
Gold:   55         SH:  8    Dex: 10    Spells: 3/4 levels left

rFire    + . .     GDR:     31% a - +0 mace
rCold    . . .     SeeInvis .   b - +0 medium shield
rNeg     + + +     Gourm    .   (armour unavailable)
rPois    +         Faith    .   (helmet restricted)
rElec    .         Spirit   .   (no cloak)
rCorr    .         Reflect  .   (gloves unavailable)
MR       .....                  (boots unavailable)
Stlth    ++........             (no amulet)
HPRegen  0.16/turn              o - ring of protection from fire
MPRegen  0.09/turn              (no ring)

@: very slow
A: large, slow actions, passwall, strong branches, negative energy resistance 3,
poison resistance, slow metabolism 1, torment resistance, unbreathing, AC +10
a: Passwall, Bend Time, Renounce Religion


You were on level 2 of the Dungeon.
You worshipped Cheibriados.
Cheibriados was noncommittal.
You were hungry.

You visited 1 branch of the dungeon, and saw 2 of its levels.

You collected 55 gold pieces.

Inventory:

Hand Weapons
 a - a +0 mace (weapon)
 n - a +0 dagger of draining
Armour
 b - a +0 medium shield (worn)
Jewellery
 o - a ring of protection from fire (left hand)
Wands
 c - a wand of paralysis (9)
Scrolls
 d - a scroll of teleportation {unknown}
 i - a scroll of amnesia {unknown}
Potions
 f - a potion of berserk rage {unknown}
 g - a potion of lignification {unknown}
 h - a potion of resistance {unknown}
 j - 2 potions of curing {unknown}
 k - a potion of agility {unknown}
 l - a potion of haste {unknown}
Comestibles
 e - a ration {!d}


   Skills:
 * Level 2.7 Fighting
 * Level 3.6 Maces & Flails
 + Level 0.5 Dodging
 + Level 3.6 Stealth
 + Level 1.9 Shields
 + Level 1.2 Spellcasting
 + Level 2.0 Hexes
 - Level 0.8 Evocations


You had 3 spell levels left.
You knew the following spells:

 Your Spells              Type           Power        Failure   Level  Hunger
a - Slow                  Hex            #.......     63%         1    None
Your spell library was empty.

Dungeon Overview and Level Annotations

Branches:
Dungeon (2/12)

Altars:


Innate Abilities, Weirdness & Mutations

You move and act slowly.
You can pass through walls and trees.
Your branches can wield two-handed weapons with a shield.
Your thick bark is tough. (AC +10)
You are too large for most types of armour.
You are immune to negative energy. (rN+++)
Your system is resistant to poisons. (rPois)
You have a slow metabolism.
You are immune to unholy pain and torment.
You can survive without breathing.


Message History

You hit the leopard gecko.
The leopard gecko is almost dead.
The leopard gecko barely misses you. You block the jackal's attack.
The leopard gecko bites you.
* * * LOW HITPOINT WARNING * * *
The jackal bites you.
* * * LOW HITPOINT WARNING * * *
You miss the leopard gecko.
The leopard gecko is severely wounded.
The jackal bites you but does no damage.
The leopard gecko bites you but does no damage.
You block the jackal's attack.
The leopard gecko bites you but does no damage.
You barely miss the leopard gecko.
The leopard gecko is severely wounded.
The jackal bites you.
* * * LOW HITPOINT WARNING * * *
The jackal bites you but does no damage.
You block the leopard gecko's attack. The jackal bites you.
You die...

##...##.. ..
#.......# .#
#.......###.##
.......#....+
######......[.#
..............#
###...††#...#.#
#...hl#...#.##.
#...†@#g.......
#...###..?..#..
#%..####>#.....
#.....l........
####.....g#.......
...........+.?.....
.#..#.##.<.#.#.....
..⌠ #........#..##.
. #.##.##.......


You could see a leopard gecko and a jackal.

Vanquished Creatures
  A worm (D:1)
  A dart slug (D:1)
  A leopard gecko (D:1)
  2 bats (D:1)
  2 giant cockroaches (D:1)
  5 goblins (D:1)
  7 hobgoblins
  A jackal (D:2)
  2 kobolds (D:1)
  3 frilled lizards
  4 rats
29 creatures vanquished.

Notes
Turn   | Place    | Note
-------+----------+-------------------------------------------
     0 | D:1      | Amelense the Ent Sloth Apostle began the quest for the Orb.
     0 | D:1      | Reached XP level 1. HP: 22/22 MP: 2/2
   167 | D:1      | Reached XP level 2. HP: 31/32 MP: 3/3
   467 | D:1      | Reached XP level 3. HP: 30/39 MP: 4/4
   672 | D:2      | Slain by a jackal

Skill      XL: |  1 |
---------------+----+-----
Maces & Flails | 3 |  3.6
Fighting       | |  2.7
Dodging        | |  0.5
Stealth        | |  3.6
Shields        | |  1.9
Spellcasting   | |  1.2
Hexes          | |  2.0
Evocations     | |  0.8

Action                   || total
-------------------------++-------
Melee: Mace              ||   104
Invok: Bend Time         ||     1
 Abil: Passwall          ||     1
Evoke: Wand              ||     1
 Stab: Sleeping          ||     3
  Eat: Chunk             ||     2
Armor: Skin              ||   137
Dodge: Dodged            ||    84
Block: Medium shield     ||    95
